 Dungeon Crawl Stone Soup version 0.26.1-11-gd32895ea62 (webtiles) character file.

Game seed: 10711721414986186001

7249 Tirrikindir the Cleaver (level 11, -5/138 HPs)
             Began as a Hill Orc Fighter on June 17, 2021.
             Was an Elder of the Shining One.
             Slain by an orc knight
             ... wielding a +0 trident
              (23 damage)
             ... in a bailey.
             The game lasted 00:28:03 (10999 turns).

Tirrikindir the Cleaver (Hill Orc Fighter)         Turns: 10999, Time: 00:28:03

Health: -5/138     AC: 14    Str: 21    XL:     11   Next: 12%
Magic:  16/16      EV: 16    Int: 10    God:    the Shining One [****..]
Gold:   442        SH:  0    Dex: 16    Spells: 10/10 levels left

rFire    + . .     SeeInvis .   L - +1 battleaxe
rCold    . . .     Faith    .   (shield currently unavailable)
rNeg     + + .     Spirit   .   a - +0 chain mail {rF+}
rPois    .         Reflect  .   C - +0 helmet
rElec    .         Harm     .   u - +0 cloak
rCorr    .         Rampage  .   (no gloves)
Will     .....                  (no boots)
Stlth    ..........             (no amulet)
HPRegen  0.33/turn              f - +4 ring of evasion
MPRegen  0.15/turn              p - +6 ring of dexterity

@: berserking, flying, glowing, very quick
A: no striking features
a: Renounce Religion, Divine Shield, Cleansing Flame


You were in a bailey.
You worshipped the Shining One.
The Shining One was greatly pleased with you.
You visited 2 branches of the dungeon, and saw 11 of its levels.
You also visited: Sewer and Bailey.

You collected 541 gold pieces.
You spent 99 gold pieces at shops.

Inventory:

Hand Weapons
 L - a +1 battleaxe (weapon)
 N - a +2 dire flail
Missiles
 e - 58 poisoned darts (quivered)
Armour
 a - a +0 chain mail of fire resistance (worn)
 c - a +0 kite shield
 u - a +0 cloak (worn)
 C - a +0 helmet (worn)
 K - a +0 plate armour
Jewellery
 b - an uncursed ring of ice
 f - a +4 ring of evasion (left hand)
 l - an uncursed ring of fire
 p - a +6 ring of dexterity (right hand)
 w - an uncursed ring of willpower
 x - an uncursed ring of wizardry
 D - an uncursed ring of willpower
 H - an uncursed ring of willpower
Wands
 y - a wand of paralysis (6)
 I - a wand of disintegration (13)
Scrolls
 h - 8 scrolls of remove curse
 i - 5 scrolls of teleportation
 j - 4 scrolls of amnesia
 k - 4 scrolls of enchant armour
 n - 4 scrolls of blinking
 t - a scroll of silence
 v - a scroll of magic mapping
 z - a scroll of noise {unknown}
 F - a scroll of fear {unknown}
 M - a scroll of immolation {unknown}
Potions
 d - a potion of magic
 g - a potion of ambrosia {unknown}
 m - 2 potions of flight
 o - a potion of lignification {unknown}
 r - 3 potions of brilliance
 s - 7 potions of curing
 A - a potion of cancellation {unknown}
 B - a potion of degeneration {unknown}
 E - 2 potions of berserk rage
 G - a potion of mutation {unknown}


   Skills:
 + Level 7.4 Fighting
 * Level 11.5 Axes
 * Level 9.4 Armour
 * Level 6.8 Dodging
 - Level 3.2 Shields
 + Level 7.8 Invocations
 + Level 2.5 Evocations


You had 10 spell levels left.
You didn't know any spells.
Your spell library contained the following spells:

 Spells                   Type           Power        Failure   Level
 Corona                   Hex            0%           95%         1
 Ensorcelled Hibernation  Hex/Ice        0%           98%         2
 Confusing Touch          Hex            0%           100%        3
 Dazzling Flash           Conj/Hex       0%           100%        3
 Gell's Gravitas          Tloc           0%           100%        3
 Tukima's Dance           Hex            0%           100%        3
 Petrify                  Tmut/Erth      0%           100%        4
 Metabolic Englaciation   Hex/Ice        0%           100%        5
 Yara's Violent Unravell  Hex/Tmut       0%           100%        5


Dungeon Overview and Level Annotations

Branches:
Dungeon (10/15)            Temple (1/1) D:6            Lair (0/6) D:8
    Orc (0/2) D:9           Sewer (visited)          Bailey (1/1)

Altars:
Ashenzari
Cheibriados
Dithmenos
Elyvilon
Fedhas
Gozag
Hepliaklqana
Kikubaaqudgha
Makhleb
Nemelex Xobeh
Okawaru
Qazlal
Ru
Sif Muna
Trog
Uskayaw
Vehumet
Wu Jian
Xom
Yredelemnul
Zin
The Shining One

Shops:
D:4 *   D:9 [


Message History

The orc knight completely misses you.
The orc warrior hits you but does no damage.
You hit the orc knight.
The orc knight is lightly wounded.
You hit the orc warrior. You slash the orc knight!
The orc knight hits you with a +0 trident!
The orc knight hits you with a cursed +0 trident!
* * * LOW HITPOINT WARNING * * *
You barely miss the orc knight.
The orc knight is lightly wounded.
You slash the orc knight! You slice the orc warrior!!
You kill the orc warrior!
The orc knight barely misses you.
The orc knight hits you with a cursed +0 trident!!
* * * LOW HITPOINT WARNING * * *
You hit the orc knight.
The orc knight is moderately wounded.
You slash the orc knight!
The orc knight hits you with a +0 trident!!
You die...

##..≈≈.....≈≈..##
#######..≈≈.)###..≈≈..##########
........≈≈..## ##..≈≈..........#
≈≈≈≈≈≈≈≈≈).##.∩.##.)≈≈≈≈≈≈≈≈≈≈.#
........))##.....##).........≈.#
.#############+###'#########.≈.#
.## #...§.....## ##.≈.# ..##
..≈§§≈≈§§§.## ##..≈.# ≈..##
.≈≈...)@≈§..## ##..≈≈.# ≈≈..#
≈≈..⌠∩⌠oo§≈..#'#.)≈≈.∩# ≈≈).#
≈§...⌠...≈≈..#'#..≈≈.## ≈))##
.≈≈.....§≈..+#.##..≈≈.# ).##
..≈≈≈≈≈≈≈..##...##..≈.#
.##.$$$.##.........##.....##.≈.#
.#############+#############.≈.#
.)##### ##...)......≈.#
≈≈≈≈≈≈####### ##..≈≈≈≈≈≈≈≈≈≈.#


You could see 2 orc knights.

Vanquished Creatures
  Harold (D:7)
  A two-headed ogre (D:10)
  Joseph (D:7)
  2 komodo dragons (D:8)
  A warg (D:9)
  Menkaure (D:7)
  Edmund (D:6)
  A black bear (D:7)
  5 orc warriors
  3 ice beasts
  2 sky beasts (D:7)
  A necrophage (D:8)
  5 ogres
  A phantom (D:9)
  3 centaurs
  2 big kobolds
  9 bullfrogs
  A scorpion (D:6)
  8 killer bees
  3 wights (D:7)
  2 howler monkeys
  3 centaur zombies
  A quasit (D:8)
  3 hounds
  A jelly (D:8)
  A bullfrog skeleton (D:10)
  9 orc priests
  A centaur skeleton (D:6)
  2 iguanas
  10 orc wizards
  7 worker ants
  A statue (D:5)
  A worker ant zombie (D:8)
  A howler monkey skeleton (D:8)
  A howler monkey zombie (D:6)
  4 gnolls (D:6)
  13 adders
  A river rat (D:5)
  3 white imps
  An ufetubus (D:6)
  6 oozes (Sewer)
  An adder skeleton (D:4)
  6 worms
  4 dart slugs (D:1)
  16 leopard geckos
  50 orcs
  16 ball pythons
  10 bats
  21 giant cockroaches
  4 hobgoblins
  4 jackals (D:3)
  5 quokkas
  14 frilled lizards
  18 goblins
  25 kobolds
  A quokka zombie (D:5)
  7 rats
326 creatures vanquished.

Vanquished Creatures (others)
  12 fungi (D:1)
  110 plants
  4 toadstools (D:1)
126 creatures vanquished.

Grand Total: 452 creatures vanquished

Notes
Turn   | Place    | Note
-------+----------+-------------------------------------------
     0 | D:1      | Tirrikindir the Hill Orc Fighter began the quest for the
                  | Orb.
     0 | D:1      | Reached XP level 1. HP: 19/19 MP: 1/1
    76 | D:1      | Reached skill level 3 in Axes
    76 | D:1      | Reached XP level 2. HP: 21/27 MP: 2/2
   439 | D:1      | Reached XP level 3. HP: 31/33 MP: 3/3
   867 | D:2      | Found a glowing golden altar of the Shining One.
   875 | D:2      | Became a worshipper of the Shining One
  1063 | D:2      | Reached skill level 1 in Dodging
  1418 | D:2      | Reached skill level 4 in Axes
  1851 | D:2      | Reached XP level 4. HP: 40/40 MP: 4/4
  2237 | D:3      | You fall into a shaft and drop 2 floors!
  2237 | D:5      | Entered Level 5 of the Dungeon
  2237 | D:5      | Found a radiant altar of Vehumet.
  2238 | D:5      | Noticed a charred statue
  2242 | D:5      | Killed a charred statue
  2243 | D:5      | Reached skill level 1 in Invocations
  2270 | D:5      | Reached XP level 5. HP: 33/47 MP: 4/6
  2313 | D:5      | Noticed an ogre
  2327 | D:5      | Killed an ogre
  2328 | D:5      | Reached skill level 5 in Axes
  2344 | D:5      | Reached XP level 6. HP: 44/53 MP: 7/7
  2442 | D:5      | Found a glowing drain.
  2460 | D:5      | Reached * piety under the Shining One
  2476 | Sewer    | Entered a sewer
  2677 | Sewer    | Reached skill level 6 in Axes
  2756 | Sewer    | Reached XP level 7. HP: 50/60 MP: 9/9
  2801 | D:5      | Found a blossoming altar of Fedhas.
  2813 | D:5      | Reached skill level 5 in Fighting
  2897 | D:4      | Found Berewnew's Assorted Antiques.
  2907 | D:4      | Bought a lumpy coppery potion for 24 gold pieces
  2907 | D:4      | Bought 2 ruby potions for 48 gold pieces
  2907 | D:4      | Bought a scroll labelled XATHILI YWIWKOC for 27 gold pieces
  3948 | D:4      | Reached skill level 7 in Axes
  3948 | D:4      | Reached skill level 5 in Armour
  4368 | D:4      | Found a shimmering altar of Xom.
  4391 | D:4      | Found a shimmering altar of Xom.
  4394 | D:4      | Found a shimmering altar of Xom.
  4889 | D:5      | Found a blossoming altar of Fedhas.
  5193 | D:6      | Reached XP level 8. HP: 57/68 MP: 9/11
  5276 | D:6      | Found a staircase to the Ecumenical Temple.
  5291 | D:6      | Reached ** piety under the Shining One
  5297 | D:6      | Reached skill level 8 in Axes
  5313 | Temple   | Entered the Ecumenical Temple
  5662 | D:6      | Noticed Edmund
  5670 | D:6      | Killed Edmund
  5672 | D:6      | Reached skill level 5 in Invocations
  5860 | D:6      | Found a basalt altar of Yredelemnul.
  6336 | D:6      | Reached XP level 9. HP: 74/74 MP: 11/13
  7153 | D:7      | Noticed Joseph
  7153 | D:7      | Noticed Menkaure
  7158 | D:7      | Killed Menkaure
  7177 | D:7      | Killed Joseph
  7178 | D:7      | Reached skill level 9 in Axes
  7287 | D:7      | Reached skill level 5 in Dodging
  7423 | D:7      | Reached *** piety under the Shining One
  7502 | D:7      | Noticed Harold
  7516 | D:7      | Killed Harold
  7517 | D:7      | Reached skill level 10 in Axes
  7517 | D:7      | Reached XP level 10. HP: 22/84 MP: 14/14
  9082 | D:8      | Noticed a gargoyle
  9082 | D:8      | Noticed a brown ugly thing
  9088 | D:8      | Noticed a cyclops
  9089 | D:8      | Noticed a two-headed ogre
  9106 | D:8      | Reached skill level 1 in Evocations
  9110 | D:8      | Found a staircase to the Lair.
  9348 | D:8      | Found a broken altar of Ashenzari.
  9348 | D:8      | Found a shimmering blue altar of Sif Muna.
 10085 | D:9      | Found Yfovi's Antique Armour Emporium.
 10135 | D:9      | Noticed a +0 dagger
 10136 | D:9      | Found a hide-covered altar of Uskayaw.
 10136 | D:9      | Noticed a +0 dagger
 10249 | D:9      | Reached skill level 11 in Axes
 10263 | D:9      | Found a staircase to the Orcish Mines.
 10439 | D:9      | Reached **** piety under the Shining One
 10679 | D:10     | Entered Level 10 of the Dungeon
 10679 | D:10     | Found a broken altar of Ashenzari.
 10705 | D:10     | Noticed a two-headed ogre
 10716 | D:10     | Killed a two-headed ogre
 10717 | D:10     | Reached XP level 11. HP: 77/92 MP: 16/16
 10747 | D:10     | Found a flagged portal.
 10757 | Bailey   | Entered a bailey
 10986 | Bailey   | Noticed an orc knight
 10986 | Bailey   | Noticed an orc knight
 10999 | Bailey   | Slain by an orc knight

Illustrated notes

Levels and vault maps discovered:
D:1:      dpeg_arrival_rhombus, layout_loops_ring, minmay_gold_behind_fungi
D:2:      layout_basic, lemuel_round_altar
D:3:      layout_basic
D:4:      layout_basic, serial_shops, nicolae_shop_statue_plus,
          amethyst_killhole, xom_redecorated
D:5:      layout_basic, vehumet_statue, basic_altar, portal_sewer_entry_a,
          minmay_misc_feat_hallway, fedhas_altar_1
D:6:      kennysheep_kobold_camp, layout_cave_pods, lemuel_doored_altar,
          temple_green, uniq_edmund
D:7:      layout_basic, st_stairs_7, uniq_harold, uniq_joseph, uniq_menkaure
D:8:      layout_layer_cave, gammafunk_temple_overflow_elements,
          david_lair_shrubbed, onia_ninara_dug_in_and_dangerous
D:9:      layout_long_grid, dancing_weapons_uskayaw, david_orc_3, serial_shops,
          shop
D:10:     layout_big_octagon, enter_bailey_5, basic_altar
Temple:   nicolae_temple_elliptical
Bailey:   bailey_polearm_1, bailey

Skill      XL: |  1  2  3  4  5  6  7  8  9 10 |
---------------+-------------------------------+-----
Axes           | 3 4 5 6 7 8 10 11 | 11.5
Fighting       | 4 5 6 7 |  7.4
Dodging        | 1 2 4 5 6 |  6.8
Invocations    | 1 2 3 4 5 6 7 |  7.8
Armour         | 4 5 6 8 9 |  9.4
Evocations     | 2 |  2.5
Shields        | |  3.2

Action                   |  1- 3 |  4- 6 |  7- 9 | 10-12 || total
-------------------------+-------+-------+-------+-------++-------
Melee: War axe           |   113 |   160 |   319 |   180 ||   772
       Battleaxe         |       |       |       |    66 ||    66
Throw: Dart              |       |     4 |       |     1 ||     5
  Use: Scroll            |     7 |     2 |     7 |     4 ||    20
       Potion            |       |     2 |     1 |     4 ||     7
Armor: Scale mail        |    61 |    25 |       |       ||    86
       Chain mail        |       |    57 |    54 |    34 ||   145
       Plate armour      |       |       |    51 |    64 ||   115
Dodge: Dodged            |    56 |   155 |   181 |   229 ||   621
